 Dungeon Crawl Stone Soup version 0.30.0 (webtiles) character file.

Game seed: 5424056126273969278

5294 Silvore the Carver (level 10, -2/88 HPs)
             Began as a Minotaur Fighter on May 6, 2023.
             Was an Elder of Okawaru.
             Slain by a wyvern (11 damage)
             ... on level 9 of the Dungeon.
             The game lasted 00:13:57 (8834 turns).

Silvore the Carver (Minotaur Fighter)               Turns: 8834, Time: 00:13:58

Health: -2/88      AC: 15    Str: 26    XL:     10   Next: 37%
Magic:  9/9        EV:  7    Int:  5    God:    Okawaru [****..]
Gold:   487        SH:  9    Dex:  9    Spells: 9/9 levels left

rFire   . . .        u - +2 double sword (freeze)
rCold   . . .        B - +0 kite shield
rNeg    . . .        G - +0 plate armour
rPois   +            (helmet restricted)
rElec   .            (no cloak)
rCorr   .            E - +0 pair of gloves
SInv    .            (no boots)
Will    .....        g - amulet of the acrobat Stlth
                     o - ring of poison resistance
HPRegen 0.34/turn    v - ring of wizardry
MPRegen 0.11/turn

%: acrobat, wizardry (x1)
@: no status effects
A: horns 2, retaliatory headbutt
a: Renounce Religion, Heroism, Finesse


You were on level 9 of the Dungeon.
You worshipped Okawaru.
Okawaru was greatly pleased with you.
You visited 2 branches of the dungeon, and saw 10 of its levels.
You also visited: Sewer.

You collected 487 gold pieces.

Inventory:

Hand Weapons
 a - a +1 long sword
 u - a +2 double sword of freezing (weapon)
 F - the +9 hand axe of Onueso {elec, rC+ Dex+3 Stlth+}
   (You found it on level 8 of the Dungeon)

   Dex:       It affects your dexterity (+3).
   rC:        It protects you from cold.
   Stlth:     It makes you more stealthy.
Armour
 b - a +0 scale mail
 c - a +1 buckler
 B - a +0 kite shield (worn)
 C - a +0 chain mail
 E - a +0 pair of gloves (worn)
 G - a +0 plate armour (worn)
Jewellery
 g - an amulet of the acrobat (around neck)
 o - a ring of poison resistance (left hand)
 t - an amulet of magic regeneration
 v - a ring of wizardry (right hand)
 D - a ring of fire
 H - an amulet of faith
Wands
 n - a wand of flame (12)
 q - a wand of paralysis (16)
 I - a wand of polymorph (6)
Scrolls
 h - 5 scrolls of silence
 p - 5 scrolls of teleportation
 s - 2 scrolls of fog
 x - 3 scrolls of amnesia
 y - a scroll of fear
 A - a scroll of magic mapping
 J - a scroll of identify
Potions
 d - a potion of might
 e - 3 potions of attraction
 f - a potion of invisibility {unknown}
 i - 2 potions of degeneration
 j - 3 potions of haste
 k - a potion of heal wounds
 l - a potion of resistance
 m - 5 potions of curing
 r - 5 potions of mutation
 w - 2 potions of magic {unknown}
 z - 2 potions of brilliance {unknown}


   Skills:
 + Level 7.6 Fighting
 + Level 12.8 Long Blades
 + Level 9.8 Armour
 + Level 2.7 Dodging
 + Level 1.4 Stealth
 + Level 7.2 Shields


You had 9 spell levels left.
You didn't know any spells.
Your spell library contained the following spells:

 Spells                   Type           Power      Damage    Failure   Level
 Beastly Appendage        Tmut           0%         N/A       97%         1
 Magic Dart               Conj           0%         1d3       97%         1
 Poisonous Vapours        Pois/Air       0%         N/A       99%         2
 Wereblood                Tmut           0%         N/A       99%         2
 Mephitic Cloud           Conj/Pois/Air  0%         N/A       100%        3
 Spider Form              Tmut/Pois      0%         N/A       100%        3
 Freezing Cloud           Conj/Ice/Air   0%         6-21      100%        5
 Call Imp                 Summ           Unusable   N/A       N/A         2

Dungeon Overview and Level Annotations

Branches:
Dungeon (9/15)             Temple (1/1) D:5           Sewer (visited)
   Lair: D:8-11         Orc: D:9-12

Altars:
Ashenzari
Cheibriados
Elyvilon
Fedhas
Gozag
Hepliaklqana
Kikubaaqudgha
Makhleb
Nemelex Xobeh
Okawaru
Qazlal
Ru
Sif Muna
Trog
Uskayaw
Vehumet
Wu Jian
Xom
Yredelemnul
Zin
The Shining One

Annotations:
Temple 2 transporters


Innate Abilities, Weirdness & Mutations

You have a pair of horns on your head.
You reflexively headbutt those who attack you in melee.


Message History

You block the lemure's attack. The lemure hits you.
Pikel hits you but does no damage. You block the lemure's attack.
Your Shields skill increases to level 7!
You slash Pikel! You freeze Pikel.
Pikel is moderately wounded.
The lemure completely misses you. You furiously retaliate!
You headbutt the lemure! You block the lemure's attack.
You block Pikel's attack.
The lemure hits you but does no damage. x2
You slash Pikel! You freeze Pikel!
Pikel is almost dead.
The lemure hits you but does no damage. You block the lemure's attack.
Pikel hits you but does no damage. The lemure hits you!
The lemure hits you but does no damage.
You slash Pikel! You freeze Pikel.
You kill Pikel!
Okawaru is honoured by your kill.
You can now speed up your combat.
With Pikel's spell broken, his former minions thank you for their freedom.
The lemure departs this earthly plane. x4
Things that are here:
a +0 whip of flaming; a +0 robe; the kobold corpse of Pikel You start resting.
A wyvern comes into view.
The wyvern hisses angrily.
You see here a +0 cloak.
You hit the wyvern. You freeze the wyvern.
The wyvern is lightly wounded.
The wyvern bites you!
* * * LOW HITPOINT WARNING * * *
The wyvern bites you.
* * * LOW HITPOINT WARNING * * *
You slash the wyvern! You freeze the wyvern. Your headbutt misses the wyvern.
The wyvern is severely wounded.
The wyvern bites you.
* * * LOW HITPOINT WARNING * * *
You hit the wyvern. You freeze the wyvern. You headbutt the wyvern.
The wyvern is almost dead.
The wyvern bites you!
* * * LOW HITPOINT WARNING * * *
The wyvern bites you!
You die...

#..... ##....## ##.#.#
#....##......###.....
##...#........##...#.
##....#............##.
#......)...........###
##....#.)(..........###
#..................###.
##......l...#...........
#....[.@...###..........
#.............##..........
###...........##..........
#...........# .........
#............. ......
#.............. .....
#.......##..#.. ....
#....#... ....#


You could see a wyvern.

Vanquished Creatures
  A two-headed ogre (D:9)
  Pikel (D:9)
  A hornet (D:8)
  Sigmund (D:5)
  6 yaks
  Menkaure (D:4)
  A water moccasin (D:7)
  2 orc warriors
  Pargi (Sewer)
  An ice beast (D:7)
  A sky beast (D:6)
  4 centaurs
  An ogre (D:6)
  2 phantoms
  Blork the orc (D:4)
  2 kobold brigands
  3 bullfrogs
  4 scorpions (D:6)
  3 wights (D:9)
  6 jellies
  4 hounds
  3 orc priests
  A sleepcap (D:5)
  Ijyb (D:4)
  5 iguanas
  7 orc wizards
  9 adders
  A white imp (D:8)
  2 ufetubi
  A worm (D:5)
  13 dart slugs
  26 orcs
  4 bats
  9 endoplasms
  6 giant cockroaches
  10 goblins
  8 hobgoblins
  A jackal (D:3)
  3 quokkas
  11 ball pythons
  5 frilled lizards
  20 kobolds
  8 rats
201 creatures vanquished.

Vanquished Creatures (others)
  An orc wizard (D:8)
  3 fungi (D:5)
  2 plants (D:7)
6 creatures vanquished.

Grand Total: 207 creatures vanquished

Notes
Turn   | Place    | Note
-------+----------+-------------------------------------------
     0 | D:1      | Silvore the Minotaur Fighter began the quest for the Orb.
     0 | D:1      | Reached XP level 1. HP: 19/19 MP: 0/0
    68 | D:1      | Reached XP level 2. HP: 26/27 MP: 1/1
   457 | D:1      | Reached skill level 3 in Long Blades
   457 | D:1      | Reached XP level 3. HP: 33/33 MP: 2/2
   542 | D:1      | Found a faded altar of an unknown god.
  1247 | D:2      | Found a blossoming altar of Fedhas.
  1265 | D:2      | Reached XP level 4. HP: 26/40 MP: 3/3
  1531 | D:3      | Reached skill level 4 in Long Blades
  2016 | D:3      | Reached XP level 5. HP: 46/46 MP: 4/4
  2263 | D:3      | Reached skill level 5 in Long Blades
  2696 | D:4      | Noticed Ijyb
  2703 | D:4      | Killed Ijyb
  2704 | D:4      | Reached skill level 5 in Armour
  2738 | D:4      | Reached XP level 6. HP: 30/52 MP: 5/5
  2842 | D:4      | Found a radiant altar of Vehumet.
  2898 | D:4      | Identified a scroll of acquirement
  2898 | D:4      | Acquired a +1 double sword of electrocution
  2944 | D:4      | Noticed Blork the orc
  2950 | D:4      | Killed Blork the orc
  2951 | D:4      | Reached skill level 1 in Dodging
  2951 | D:4      | Reached skill level 5 in Shields
  3203 | D:4      | Found a shimmering altar of Xom.
  3203 | D:4      | Found a snail-covered altar of Cheibriados.
  3628 | D:4      | Noticed Menkaure
  3633 | D:4      | Killed Menkaure
  3634 | D:4      | Reached skill level 6 in Long Blades
  3634 | D:4      | Reached XP level 7. HP: 49/60 MP: 6/6
  4016 | D:5      | Entered Level 5 of the Dungeon
  4169 | D:5      | Found a glowing drain.
  4183 | Sewer    | Entered a sewer
  4202 | Sewer    | Noticed Pargi
  4218 | Sewer    | Killed Pargi
  4380 | D:5      | Noticed Sigmund
  4387 | D:5      | Killed Sigmund
  4388 | D:5      | Reached skill level 7 in Long Blades
  4778 | D:5      | Found a staircase to the Ecumenical Temple.
  4794 | Temple   | Entered the Ecumenical Temple
  4794 | Temple   | Found a transporter.
  4794 | Temple   | Found a transporter.
  4796 | Temple   | Found a transporter.
  4796 | Temple   | Found a transporter.
  4816 | Temple   | Became a worshipper of Warmaster Okawaru
  5259 | D:6      | Reached skill level 5 in Fighting
  5259 | D:6      | Reached XP level 8. HP: 65/68 MP: 7/7
  5338 | D:6      | Reached skill level 8 in Long Blades
  5490 | D:6      | Reached * piety under Okawaru
  5613 | D:6      | Reached skill level 9 in Long Blades
  6691 | D:7      | Reached skill level 1 in Stealth
  6691 | D:7      | Reached XP level 9. HP: 75/75 MP: 8/8
  6713 | D:7      | Reached ** piety under Okawaru
  6718 | D:7      | Reached skill level 10 in Long Blades
  6964 | D:7      | Found a sacrificial altar of Ru.
  7595 | D:8      | Identified the +9 hand axe of Onueso {elec, rC+ Dex+3
                  | Stlth+}
  7643 | D:8      | Found a shimmering blue altar of Sif Muna.
  7704 | D:8      | Paralysed by a hornet for 2 turns
  7709 | D:8      | Reached skill level 11 in Long Blades
  7870 | D:8      | Reached *** piety under Okawaru
  8596 | D:9      | Reached skill level 12 in Long Blades
  8596 | D:9      | Reached XP level 10. HP: 64/86 MP: 9/9
  8795 | D:9      | Noticed a two-headed ogre
  8796 | D:9      | Noticed Pikel
  8810 | D:9      | Killed a two-headed ogre
  8810 | D:9      | Received a gift from Okawaru
  8813 | D:9      | Killed Pikel
  8813 | D:9      | Reached **** piety under Okawaru
  8834 | D:9      | Slain by a wyvern

Illustrated notes

Levels and vault maps discovered:
D:1:      minmay_arrival_glassed_features, layout_rooms,
          hellmonk_ecumenical_altar_crossroads, hangedman_decor_diamond_cutter,
          minmay_indecisive_spiral
D:2:      layout_basic, basic_altar
D:3:      kennysheep_slugbush, layout_basic, minmay_joined_circles
D:4:      layout_basic, lemuel_tele_altar, gammafunk_temple_overflow_wave,
          item_on_display_a, uniq_blork_the_orc, uniq_menkaure, uniq_ijyb
D:5:      layout_basic, minmay_temple_entry_offerings,
          cheibrodos_sewer_entry_drain, serial_aquarium,
          aquarium_bridge_straight [aquarium_subvault_bridge,
          aquarium_subvault_window, aquarium_subvault_bridge,
          aquarium_subvault_window], aquarium_window_2, aquarium_window_fake,
          aquarium_view_2a, aquarium_view_2b, aquarium_balcony_1b, uniq_sigmund
D:6:      layout_layer_cave, serial_glass, glass_columns_b, glass_columns_a,
          feat_on_display, minmay_misc_feat_hallway
D:7:      layout_loops_corners, mainiacjoe_overflow_boulevard,
          serial_bayou_pond_e
D:8:      layout_loops_cross, tgw_sif
D:9:      minmay_statue_hallways, layout_cave_pools, uniq_pikel
Temple:   hellmonk_temple_divided_pantheon

Skill      XL: |  1  2  3  4  5  6  7  8  9 10 |
---------------+-------------------------------+-----
Armour         | 4 5 6 7 8 9 |  9.8
Shields        | 4 5 6 7 |  7.2
Long Blades    | 3 4 5 6 7 9 12 | 12.8
Fighting       | 4 5 6 7 |  7.6
Dodging        | 1 2 |  2.7
Stealth        | 1 |  1.4

Action                     |  1- 3 |  4- 6 |  7- 9 | 10-12 || total
---------------------------+-------+-------+-------+-------++-------
  Melee: Long sword        |    93 |   151 |       |       ||   244
         Headbutt          |    12 |    25 |    47 |     7 ||    91
         Double sword      |       |    16 |   255 |    30 ||   301
    Use: Scroll            |     3 |     9 |    10 |       ||    22
         Potion            |       |       |       |     1 ||     1
 Armour: Scale mail        |    48 |    81 |    64 |       ||   193
         Plate armour      |       |       |    43 |    22 ||    65
  Dodge: Dodged            |    66 |   156 |   130 |    27 ||   379
  Block: Buckler           |    17 |    52 |    16 |       ||    85
         Kite shield       |       |       |    98 |    24 ||   122
